 Dungeon Crawl Stone Soup version 0.30-a0-613-gdd512c7 (webtiles) character file.

Game seed: 5142551702085448226

99 malesh the Insei (level 4, -9/28 HPs)
             Began as an Octopode Transmuter on Jan 8, 2023.
             Mangled by an orc warrior
             ... wielding a +0 mace
              (15 damage)
             ... on level 3 of the Dungeon.
             The game lasted 00:06:42 (2471 turns).

malesh the Insei (Octopode Transmuter)              Turns: 2471, Time: 00:06:43

Health: -9/28      AC:  1    Str:  9    XL:     4   Next: 72%
Magic:  7/7        EV: 13    Int: 15    God:
Gold:   150        SH:  0    Dex: 14    Spells: 2/8 levels left

rFire   . . .      SeeInvis .      - Unarmed
rCold   . . .      Faith    .    (no shield)
rNeg    . . .      Spirit   .    (helmet currently unavailable)
rPois   .          Reflect  .    (no amulet)
rElec   .          Harm     .    (no ring)
rCorr   .          Rampage  .    (no ring)
Will    .....                    (no ring)
Stlth   ++                       (no ring)
HPRegen 0.24/turn                (no ring)
MPRegen 0.10/turn                (no ring)
                                 (no ring)
                                 (no ring)

@: confused, appendages (expiring)
A: tentacle spike 3, almost no armour, amphibious, 8 rings, camouflage 1,
gelatinous body 1, (nimble swimmer 1), tentacles
a: End Transformation


You were on level 3 of the Dungeon.
One of your tentacles had grown a beastly spike.
You visited 1 branch of the dungeon, and saw 3 of its levels.

You collected 150 gold pieces.

Inventory:

Scrolls
 b - 3 scrolls of identify {unknown}
 c - 3 scrolls of amnesia {unknown}
 d - 3 scrolls of teleportation {unknown}
 g - a scroll of torment {unknown}
 k - a scroll of poison {unknown}
 l - a scroll of immolation {unknown}
 n - a scroll of butterflies {unknown}
 o - a scroll of vulnerability {unknown}
Potions
 a - a potion of lignification
 e - a potion of invisibility {unknown}
 f - a potion of heal wounds {unknown}
 h - 3 potions of cancellation {unknown}
 i - a potion of mutation {unknown}
 j - a potion of flight {unknown}
 m - a potion of brilliance {unknown}


   Skills:
 + Level 1.3 Fighting
 + Level 2.5 Dodging
 - Level 1.8 Stealth
 + Level 3.8 Unarmed Combat
 + Level 2.5 Spellcasting
 + Level 2.6 Transmutations
 + Level 0.1 Poison Magic


You had 2 spell levels left.
You knew the following spells:

 Your Spells              Type           Power      Damage    Failure   Level
a - Beastly Appendage     Tmut           18%        N/A       7%          1
b - Wereblood             Tmut           9%         N/A       11%         2
c - Spider Form           Tmut/Pois      6%         N/A       34%         3

Your spell library contained the following spells:

 Spells                   Type           Power      Damage    Failure   Level
 Summon Small Mammal      Summ           4%         N/A       22%         1
 Call Canine Familiar     Summ           1%         N/A       54%         3
 Kindle Blastsparks       Fire/Tloc/Air  2%         2d10      54%         3
 Summon Guardian Golem    Hex/Summ       1%         N/A       54%         3
 Ice Form                 Ice/Tmut       5%         N/A       77%         4
 Fulminant Prism          Conj/Hex       0%         3d5       91%         4
 Iskenderun's Mystic Bla  Conj/Tloc      1%         2d3       91%         4
 Lee's Rapid Deconstruct  Erth           0%         3d4*      99%         5


Dungeon Overview and Level Annotations

Branches:
Dungeon (3/15)

Altars:
Hepliaklqana
Wu Jian

Annotations:
D:3 2 runed translucent doors, Tyrosin's ghost, weakling OpTm


Innate Abilities, Weirdness & Mutations

One of your tentacles has grown a beastly spike.
You cannot wear most types of armour.
You are amphibious.
You can wear up to eight rings at the same time.
Your skin changes colour to match your surroundings (Stealth+).
Your rubbery body absorbs attacks. (AC +1, EV +1)
((You are camouflaged when in or above water. (Stealth+)))
You have tentacles for arms and can constrict up to eight enemies at once.


Message History

The orc wizard is moderately wounded.
The orc wizard points at you and mumbles some strange words.
You are confused.
You're too confused to move!
The orc wizard gestures at you while chanting.
You are more confused.
You closely miss the orc wizard.
Your tentacle spike misses the orc wizard.
The orc wizard is moderately wounded.
Your transformation is almost over.
The orc wizard misses you.
An orc warrior comes into view. It is wielding a +0 mace.
You tentacle-slap the orc wizard but do no damage.
Your tentacle spike misses the orc wizard.
You squeeze the orc wizard.
The orc wizard is severely wounded.
The orc wizard barely misses you.
You closely miss the orc wizard.
You tentacle-slap the orc wizard, but do no damage.
The orc wizard is severely wounded.
The orc wizard gestures at you while chanting.
The magic dart hits you.
You bump into the rock wall.
The orc wizard hits you with a +0 dagger.
The orc warrior hits you with a +0 mace!
Ouch! That really hurt!
* * * LOW HITPOINT WARNING * * *
You bump into the rock wall.
The orc wizard hits you with a +0 dagger.
* * * LOW HITPOINT WARNING * * *
The orc warrior barely misses you.
The orc wizard attacks as you move away!
The orc wizard barely misses you.
An orc wizard comes into view. It is wielding a staff of earth.
Found a dagger.
An orc wizard comes into view.
It is wielding a +0 dagger and wearing a +2 robe of willpower.
You're too confused to move!
The orc warrior hits you with a +0 mace!
Ouch! That really hurt!
You die...

#.#.#.≈.#...#.≈.#
#.##.≈.#.≈...≈.#.≈.#
#.##.≈.#.≈≈._≈.#.≈.#
#.##.≈.#...≈≈≈.#.≈.#
#.##.≈[####....#.≈.#
..##.≈.....#####.≈.#
#>##.≈≈≈≈≈≈......≈.#
..##.......≈≈≈≈≈≈≈.#
###########.....@..#
# #####o#o.# #
#..o.# # ####.# # o#
## )# .## # #.######
.......#


You could see an orc warrior and 3 orc wizards.

Vanquished Creatures
  2 adders
  A dart slug (D:1)
  5 orcs (D:3)
  8 ball pythons
  3 endoplasms
  A giant cockroach (D:3)
  5 hobgoblins
  A jackal (D:1)
  7 quokkas
  6 bats
  4 frilled lizards
  14 goblins
  9 kobolds
  5 rats
71 creatures vanquished.

Vanquished Creatures (others)
  A ball python (D:2)
  A giant cockroach (D:2)
  A bat (D:2)
3 creatures vanquished.

Grand Total: 74 creatures vanquished

Notes
Turn   | Place    | Note
-------+----------+-------------------------------------------
     0 | D:1      | malesh the Octopode Transmuter began the quest for the Orb.
     0 | D:1      | Reached XP level 1. HP: 13/13 MP: 3/3
    82 | D:1      | Reached XP level 2. HP: 13/18 MP: 3/5
   373 | D:1      | Reached XP level 3. HP: 21/23 MP: 4/6
   378 | D:1      | Learned a level 2 spell: Wereblood
   502 | D:1      | Learned a level 3 spell: Spider Form
   970 | D:1      | Reached skill level 1 in Stealth
  1148 | D:2      | Reached XP level 4. HP: 20/28 MP: 5/7
  1831 | D:3      | Found an ornate altar of the Wu Jian Council.
  1835 | D:3      | Found a hazy altar of Hepliaklqana.
  1915 | D:3      | Found a faded altar of an unknown god.
  2138 | D:3      | Identified the +8 whip "Iwipteud" {vamp, Int+3 Dex+9}
  2285 | D:3      | Found a runed translucent door.
  2291 | D:3      | Noticed Tyrosin's ghost (weakling OpTm)
  2423 | D:3      | Found a runed translucent door.
  2464 | D:3      | Noticed an orc warrior
  2471 | D:3      | Mangled by an orc warrior

Illustrated notes

Levels and vault maps discovered:
D:1:      minmay_arrival_plants_in_alcoves, layout_basic, minmay_quantized
D:2:      layout_rooms, lemuel_flame_loot_1
D:3:      layout_loops_ring, nicolae_overflow_squiral,
          shapermc_ecumenical_altar_petra, ebering_ghost_sewer_f

Skill      XL: |  1  2  3 |
---------------+----------+-----
Stealth        | 1 |  1.8
Fighting       | |  1.3
Dodging        | |  2.5
Unarmed Combat | |  3.8
Spellcasting   | |  2.5
Transmutations | |  2.6
Poison Magic   | |  0.1

Action                   |  1- 3 |  4- 6 || total
-------------------------+-------+-------++-------
Melee: Unarmed           |    91 |    59 ||   150
       Kick              |    23 |     8 ||    31
       Constrict         |    26 |    14 ||    40
       Tentacles         |    15 |    10 ||    25
       Punch             |     1 |     3 ||     4
 Cast: Beastly Appendage |    27 |    19 ||    46
       Wereblood         |       |     1 ||     1
 Stab: Sleeping          |     7 |     9 ||    16
Armor: Skin              |     7 |     5 ||    12
Dodge: Dodged            |    61 |    24 ||    85

Table legend: (Time is in decaauts)
 A = Elapsed time spent in this place.
 B = Non-inter-level travel time spent in this place.
 C = Inter-level travel time spent in this place.
 D = Time resting spent in this place.
 E = Time spent auto-exploring this place.
 F = Levels seen in this place.
 G = Mean time per level.
                   A        B        C        D        E       F      G
               +--------+--------+--------+--------+--------+-----+--------+
         Total |   2461 |   2380 |     81 |     97 |   1780 |   3 |  820.3 |
       Dungeon |   2461 |   2380 |     81 |     97 |   1780 |   3 |  820.3 |
               +--------+--------+--------+--------+--------+-----+--------+

Top non-repeatable levels by time:
     D:1: 886 daAuts
     D:2: 856 daAuts
     D:3: 718 daAuts
